 Dungeon Crawl Stone Soup version 0.20-a0-672-gd6c3c51 (webtiles) character file.

12 KristoblXynda the Sneak (level 2, -3/13 HPs)
             Began as a Spriggan Venom Mage on Feb 17, 2017.
             Slain by a kobold
             ... wielding a +0 mace
              (4 damage)
             ... on level 1 of the Dungeon.
             The game lasted 00:01:33 (566 turns).

KristoblXynda the Sneak (Spriggan Venom Mage)        Turns: 566, Time: 00:01:34

Health: -3/13      AC:  2    Str:  4    XL:     2   Next: 20%
Magic:  0/7        EV: 18    Int: 16    God:
Gold:   88         SH:  0    Dex: 16    Spells: 6/7 levels left

rFire    . . .     SeeInvis +   h - +0 short sword
rCold    . . .     Gourm    .   a - +0 robe
rNeg     . . .     Faith    .   (shield restricted)
rPois    .         Spirit   .   (helmet restricted)
rElec    .         Reflect  .   (no cloak)
rCorr    .         Harm     .   (gloves unavailable)
MR       .....                  (boots unavailable)
Stlth    +++.......             (no amulet)
Regen    0.1/turn               (no ring)
MPRegen  0.1/turn               (no ring)

@: very slightly contaminated, very quick
A: unfitting armour, see invisible, herbivore 3, speed 3, slow metabolism 2
a: no special abilities


You were on level 1 of the Dungeon.
You were not hungry.

You visited 1 branch of the dungeon, and saw 1 of its levels.

You collected 88 gold pieces.

Inventory:

Hand Weapons
 h - a +0 short sword (weapon)
Armour
 a - a +0 robe (worn)
Scrolls
 e - 4 scrolls of recharging {unknown}
 f - a scroll of fog {unknown}
 j - a scroll of blinking {unknown}
 k - 3 scrolls of identify {unknown}
 l - a scroll of teleportation {unknown}
Potions
 d - a potion of lignification {unknown}
 g - 2 potions of curing {unknown}
 i - a potion of might {unknown}
Books
 b - a Young Poisoner's Handbook

   Spells                             Type                      Level
   a - Sting                          Conjuration/Poison           1
   b - Poisonous Vapours              Poison/Air                   2
   c - Mephitic Cloud                 Conjuration/Poison/Air       3
   d - Olgreb's Toxic Radiance        Poison                       4
   e - Venom Bolt                     Conjuration/Poison           5
Comestibles
 c - a bread ration


   Skills:
 + Level 0.0 Short Blades
 - Level 3.0 Dodging
 + Level 3.4 Stealth
 - Level 3.0 Spellcasting
 + Level 1.1 Conjurations
 - Level 3.0 Poison Magic


You had 6 spell levels left.
You knew the following spells:

 Your Spells              Type           Power        Failure   Level  Hunger
a - Sting                 Conj/Pois      #...         10%         1    #......


Dungeon Overview and Level Annotations

Branches:
Dungeon (1/15)

Altars:


Innate Abilities, Weirdness & Mutations

You are very small and have problems with some larger weapons.
You are too small for most types of armour.
You have supernaturally acute eyesight. (SInv)
You are a herbivore.
You cover ground extremely quickly.
You need consume almost no food.


Message History

The kobold is severely wounded.
The kobold misses you.
You hit the kobold but do no damage.
The kobold is severely wounded.
The kobold completely misses you.
You hit the kobold but do no damage.
The kobold is severely wounded.
The kobold closely misses you.
You barely miss the kobold.
The kobold is severely wounded.
The kobold misses you.
Casting: Sting
Confirm with . or Enter, or press ? or * to list all spells.
Aiming: Sting
Press: ? - help, Shift-Dir - straight line, f/p - kobold
Aim: a kobold, wielding a mace (severely wounded)
You miscast Sting.
You are very lightly contaminated with residual magic.
You feel sick. The kobold hits you with a mace.
You die...

#...# #.# ########### #...# #.#
#..## #.# ######## ##.# #.#
..#..... #.## #.# #.#.#### #..#
#.# #.#..... ##.###.# #.#.####
###..##.##################.#.####
.(.............K@..†(.(..........
####..#.##################.######
##.#.# #.# ###...######## #.#
#............# #.# #............#
#.# #....>.......# ###.######
#............# #.........
#............# ##.#.######


You could see a kobold.

Vanquished Creatures
  A leopard gecko (D:1)
  2 giant cockroaches (D:1)
  3 hobgoblins (D:1)
  2 bats (D:1)
  A frilled lizard (D:1)
  A kobold (D:1)
  A rat (D:1)
11 creatures vanquished.

Notes
Turn   | Place    | Note
-------+----------+-------------------------------------------
     0 | D:1      | KristoblXynda the Spriggan Venom Mage began the quest for the Orb.
     0 | D:1      | Reached XP level 1. HP: 9/9 MP: 5/5
   335 | D:1      | Reached skill level 1 in Conjurations
   372 | D:1      | Reached XP level 2. HP: 9/13 MP: 6/6
   566 | D:1      | Slain by a kobold

Vault maps used:
D:1:      shiori_shiawase, minmay_strange_pillars

Skill      XL: |  1  2 |
---------------+-------+-----
Conjurations   | 1 |  1.1
Spellcasting   | 3 |  3.0
Dodging        | |  3.0
Stealth        | |  3.4
Poison Magic   | |  3.0

Action                   || total
-------------------------++-------
Melee: Short sword       ||    41
 Cast: Sting             ||    17
Armor: Robe              ||     6
Dodge: Dodged            ||    46
